 Dungeon Crawl Stone Soup version 0.27.1-1-g398f81649c (webtiles) character file.

Game seed: 5930157787749028095

2 Descartes the Grasshopper (level 1, -1/7 HPs)
             Began as a Felid Wanderer on Sept 12, 2021.
             Frozen to death by an endoplasm (5 damage)
             ... on level 1 of the Dungeon.
             The game lasted 00:00:40 (73 turns).

Descartes the Grasshopper (Felid Wanderer)            Turns: 73, Time: 00:00:40

Health: -1/7       AC:  1    Str:  7    XL:     1   Next: 25%
Magic:  4/4        EV: 15    Int: 15    God:
Gold:   30         SH:  0    Dex: 14    Spells: 3/4 levels left
                                        Lives:  0   Deaths: 0

rFire    . . .     SeeInvis +   (weapon unavailable)
rCold    . . .     Faith    .   (shield unavailable)
rNeg     . . .     Spirit   .   (armour unavailable)
rPois    .         Reflect  .   (helmet unavailable)
rElec    .         Harm     .   (cloak unavailable)
rCorr    .         Rampage  .   (gloves unavailable)
Will     .....                  (boots unavailable)
Stlth    ++........             (no amulet)
HPRegen  0.02/turn              (no ring)
MPRegen  0.09/turn              (no ring)

@: quick
A: very small, claws 1, fangs 3, see invisible, speed 1, shaggy fur 1, stealthy
paws, no weapons or thrown items, no armour, multi-lived
a: no special abilities


You were on level 1 of the Dungeon.
You visited 1 branch of the dungeon, and saw 1 of its levels.

You collected 30 gold pieces.

Inventory:

Potions
 a - a potion of lignification
 b - a potion of curing {unknown}


   Skills:
 + Level 0.3 Dodging
 + Level 1.5 Stealth
 + Level 0.1 Unarmed Combat
 - Level 2.0 Spellcasting
 - Level 2.6 Conjurations
 - Level 3.0 Translocations
 - Level 1.0 Earth Magic
 - Level 1.1 Evocations


You had 3 spell levels left.
You knew the following spells:

 Your Spells              Type           Power      Damage    Failure   Level
a - Pain                  Necr           4%         1d4       22%         1

Your spell library contained the following spells:

 Spells                   Type           Power      Damage    Failure   Level
 Blink                    Tloc           N/A        N/A       10%         2
 Gell's Gravitas          Tloc           5%         N/A       19%         3
 Lesser Beckoning         Tloc           5%         N/A       19%         3
 Teleport Other           Tloc           10%        N/A       19%         3
 Vampiric Draining        Necr           0%         2d6       54%         3
 Manifold Assault         Tloc           10%        N/A       87%         5


Dungeon Overview and Level Annotations

Branches:
Dungeon (1/15)

Altars:


Innate Abilities, Weirdness & Mutations

You have sharp claws.
You have razor-sharp teeth.
You have supernaturally acute eyesight. (SInv)
You cover ground quickly. (Speed+)
You are covered in fur. (AC +1)
Your paws help you pounce on unaware monsters.
You are incapable of wielding weapons or throwing items.
You cannot wear armour.
You gain extra lives every three experience levels.


Message History

No target in view!
No target in view!
No target in view!
No target in view!
No target in view!
No target in view!
No target in view!
No target in view!
No target in view!
No target in view!
No target in view!
You now have 16 gold pieces.
Found 14 gold pieces.
A goblin comes into view. It is wielding a +0 dagger.
Casting: Pain (safe; 22% risk of failure)
Confirm with . or Enter, or press ? or * to list all spells.
You can't see any susceptible monsters within range! (Use Z to cast anyway.) Unknown command.
You scratch the goblin.
You kill the goblin!
No target in view!
Things that are here:
a +0 dagger; a goblin corpse
b - a green potion You now have 30 gold pieces (gained 14).
Found a ring mail.
An endoplasm and a kobold come into view.
The kobold shouts!
The endoplasm quivers.
There are monsters nearby!
You barely miss the kobold.
The kobold hits you with a +0 short sword.
You barely miss the kobold. The kobold completely misses you.
You closely miss the kobold. The kobold completely misses you.
You scratch the kobold.
The kobold is moderately wounded.
The endoplasm freezes you.
You are frozen.
Ouch! That really hurt!
You die...

########....#....#.......#
####.#.#.##)......#
#..#...##.......#
#....#.##.......#
#...##.......#
#.........#### #.#.#######
#.##.#.######..
#......@K.....#
......##.J.....# .###[.
#.####... #. ... # .. #.##
#. #.# .. ... ...


You could see an endoplasm and a kobold.

Vanquished Creatures
  A goblin (D:1)
  A rat (D:1)
2 creatures vanquished.

Notes
Turn   | Place    | Note
-------+----------+-------------------------------------------
     0 | D:1      | Descartes the Felid Wanderer began the quest for the Orb.
     0 | D:1      | Descartes set off with the following items: a potion of
                  | lignification; and the following spell memorised: Pain; and
                  | the following spells available to memorise: Blink, Gell's
                  | Gravitas, Lesser Beckoning, Teleport Other, Vampiric
                  | Draining, Manifold Assault
     0 | D:1      | Reached XP level 1. HP: 7/7 MP: 4/4
    73 | D:1      | Frozen to death by an endoplasm

Illustrated notes

Levels and vault maps discovered:
D:1:      dpeg_arrival_erosion, layout_loops_cross

Action                   || total
-------------------------++-------
Melee: Unarmed           ||     6
 Stab: Sleeping          ||     1
Dodge: Dodged            ||     2
